 Dungeon Crawl Stone Soup version 0.31.0-9-g3a7656b989 (webtiles) character file.

Game seed: 5226742247293134556

79 qw the Shooter (level 4, -1/25 HPs)
             Began as a Deep Elf Hunter on Feb 2, 2024.
             Slain by an orc priest
             ... wielding a +0 hand axe
              (6 damage)
             ... on level 4 of the Dungeon.
             The game lasted 00:00:05 (1439 turns).

qw the Shooter (Deep Elf Hunter)                    Turns: 1439, Time: 00:00:05

Health: -1/25      AC:  3    Str: 10    XL:     4   Next: 17%
Magic:  6/6        EV: 12    Int: 14    God:
Gold:   86         SH:  0    Dex: 18    Spells: 3/3 levels left

rFire   . . .        a - +0 shortbow
rCold   . . .        (shield currently unavailable)
rNeg    . . .        c - +0 leather armour
rPois   .            (no helmet)
rElec   .            (no cloak)
rCorr   .            (no gloves)
SInv    .            (no boots)
Will    .....        (no amulet)
Stlth   ++           (no ring)
HPRegen 0.24/turn    (no ring)
MPRegen 0.10/turn

%: no passive effects
@: about to teleport
A: no striking features
a: no special abilities


You were on level 4 of the Dungeon.
You visited 1 branch of the dungeon, and saw 3 of its levels.

You collected 86 gold pieces.


   Skills:
 - Level 1.5 Fighting
 + Level 7.6 Ranged Weapons
 - Level 2.4 Dodging
 - Level 1.2 Stealth


You had 3 spell levels left.
You didn't know any spells.
Your spell library was empty.

Inventory:

Hand Weapons
 a - a +0 shortbow (weapon)
Armour
 c - a +0 leather armour (worn)
Jewellery
 d - a ring of see invisible
Potions
 e - a potion of attraction {unknown}
 f - a potion of might
 g - a potion of curing {unknown}
 h - a potion of haste
 k - a potion of berserk rage {unknown}

Dungeon Overview and Level Annotations

Branches:
Dungeon (2/15)

Altars:


Message History

The orc priest closely misses you.
You shoot an arrow. The arrow hits the orc priest.
The orc priest is lightly wounded.
You shoot an arrow. The arrow hits the orc priest.
The orc priest is moderately wounded.
The orc priest barely misses you.
An orc priest comes into view. It is wielding a +0 falchion.
You hear some strange, mumbled words.
Something tries to affect you, but you resist.
You shoot an arrow.
The arrow hits the orc priest but does no damage.
The orc priest is moderately wounded.
The orc priest hits you but does no damage.
You shoot an arrow. The arrow hits the orc priest.
The orc priest is heavily wounded.
Something barely misses you.
The orc priest hits you with a +0 hand axe.
You shoot an arrow. The arrow barely misses the orc priest.
You hear some strange, mumbled words.
Something tries to affect you, but you resist.
The orc priest barely misses you.
You shoot an arrow.
The arrow hits the orc priest but does no damage.
The orc priest is heavily wounded.
The orc priest invokes the aid of Beogh against you.
Beogh smites you! Something hits you.
The orc priest hits you but does no damage.
You hear a shout!
You shoot an arrow. The arrow barely misses the orc priest.
The orc priest barely misses you. Something hits you.
You shoot an arrow.
The arrow hits the orc priest but does no damage.
The orc priest is heavily wounded.
The orc priest hits you with a +0 hand axe.
1439 ||| READING scroll of teleportation.
As you read the scroll of teleportation, it crumbles to dust.
You feel strangely unstable. Something hits you but does no damage.
The orc priest hits you with a +0 hand axe.
You die...

# ###.#
.... ...#
###+#o.##.#
+.#o.o.....
#..@#######
###>.......
#.#######
#.# #.# #.#
#.# #.# #.#


You could see 2 orc priests and an orc.

Vanquished Creatures
  A bombardier beetle (D:2)
  2 dart slugs (D:1)
  A ribbon worm (D:2)
  3 bats (D:1)
  An endoplasm (D:2)
  3 giant cockroaches (D:1)
  3 goblins (D:1)
  3 hobgoblins
  11 kobolds
  A frilled lizard (D:2)
  6 rats
35 creatures vanquished.

Notes
Turn   | Place    | Note
-------+----------+-------------------------------------------
     0 | D:1      | qw the Deep Elf Hunter began the quest for the Orb.
     0 | D:1      | Reached XP level 1. HP: 12/12 MP: 3/3
     0 | D:1      | 0 ||| qw: Version: 0.3-a-155-g5e7d8dd
     0 | D:1      | 0 ||| qw: Game counter: 609
     0 | D:1      | 0 ||| qw: Melee chars always use a shield: true
     0 | D:1      | 0 ||| qw: God list: Okawaru
     0 | D:1      | 0 ||| qw: Allow faded altars: false
     0 | D:1      | 0 ||| qw: Do Orc after clearing Dungeon:15 true
     0 | D:1      | 0 ||| qw: Do second Lair branch before Depths: true
     0 | D:1      | 0 ||| qw: Lair rune preference: random
     0 | D:1      | 0 ||| qw: Goals: Normal
     0 | D:1      | 0 ||| PLANNING D:1-11
    44 | D:1      | Reached XP level 2. HP: 11/16 MP: 4/4
    88 | D:1      | Reached skill level 6 in Ranged Weapons
   656 | D:1      | Reached XP level 3. HP: 20/20 MP: 5/5
   869 | D:1      | 869 ||| READING scroll labelled ILAAGY OWALEXE.
   870 | D:1      | 870 ||| READING scroll labelled BIOTUD EBRUILUCW.
   871 | D:1      | 871 ||| READING scroll labelled FASENK HAERECE.
   872 | D:1      | 872 ||| READING scroll labelled YKI QIPIYFIGI.
   872 | D:1      | 872 ||| IDENTIFYING dark potion
   873 | D:1      | 873 ||| READING scroll labelled KOTSOR ODALO.
   876 | D:1      | 876 ||| READING scroll labelled FALEEXZ TOAPRO.
   876 | D:1      | 876 ||| ENCHANTING +0 shortbow.
   877 | D:1      | 877 ||| DRINKING 2 emerald potions.
   878 | D:1      | 878 ||| DROPPING scroll of butterflies.
  1240 | D:2      | Reached skill level 7 in Ranged Weapons
  1240 | D:2      | Reached XP level 4. HP: 25/25 MP: 6/6
  1407 | D:2      | You fall into a shaft and drop 2 floors!
  1412 | D:4      | 1412 ||| PLANNING OSSUARY
  1438 | D:4      | HP: 5/25 [orc priest/+0 hand axe (2)]
  1439 | D:4      | 1439 ||| READING scroll of teleportation.
  1439 | D:4      | Slain by an orc priest

Levels and vault maps discovered:
D:1:      lordsloth_arrival_two_stooges, layout_basic, kennysheep_flooded_box
D:2:      layout_loops_corners, minmay_misc_feat_more_columns
D:4:      cheibrodos_thug_alley, layout_basic, minmay_overflow_temple_star_hex,
          nicolae_qazlal_style_of_elements, grunt_gozag_breadcrumbs,
          zin_academy, worldfamousw_hep_ancestral_shrine,
          minmay_temple_entry_enclosed_plants, enter_ossuary_3

Skill      XL: |  1  2  3 |
---------------+----------+-----
Ranged Weapons | 6 7 |  7.6
Fighting       | |  1.5
Dodging        | |  2.4
Stealth        | |  1.2

Action                     |  1- 3 |  4- 6 || total
---------------------------+-------+-------++-------
   Fire: Shortbow          |    98 |    12 ||   110
    Use: Scroll            |     6 |     1 ||     7
         Potion            |     1 |       ||     1
 Armour: Leather armour    |    18 |     8 ||    26
  Dodge: Dodged            |    18 |     5 ||    23

Table legend:
 A = Non-vault XP
 B = Vault XP
 C = Vault XP percentage of total XP
 D = Non-vault monster count
 E = Vault monster count
 F = Vault count percentage of total count
                 A         B        C        D         E       F
            +---------+---------+-------+---------+---------+-------
      Total |     114 |       0 |   0.0 |      35 |       0 |   0.0
            +---------+---------+-------+---------+---------+-------
        D:1 |      47 |       0 |   0.0 |      26 |       0 |   0.0
        D:2 |      67 |       0 |   0.0 |       9 |       0 |   0.0
            +---------+---------+-------+---------+---------+-------
